 Dungeon Crawl Stone Soup version 0.30-a0-358-g0d69a1922f (webtiles) character file.

Game seed: 15901993620920070154

5 Devinter the Magician (level 1, -4/15 HPs)
             Began as a Djinni Hedge Wizard on Nov 11, 2022.
             Frozen to death by an endoplasm (7 damage)
             ... on level 1 of the Dungeon.
             The game lasted 00:01:44 (184 turns).

Devinter the Magician (Djinni Hedge Wizard)          Turns: 184, Time: 00:01:45

Health: -4/15      AC:  2    Str:  9    XL:     1   Next: 88%
Gold:   0          EV: 12    Int: 15    God:
                   SH:  0    Dex: 12

rFire   + + .      SeeInvis .    a - +0 dagger
rCold   x . .      Faith    .    (no shield)
rNeg    . . .      Spirit   .    b - +0 robe
rPois   ∞          Reflect  .    c - +0 hat
rElec   .          Harm     .    (no cloak)
rCorr   .          Rampage  .    (no gloves)
Will    .....                    (boots unavailable)
Stlth   ++........               (no amulet)
HPRegen 0.22/turn                (no ring)
MPRegen 0.00/turn                (no ring)

@: flying
A: sickness immunity, fire resistance 2, cold vulnerability 1, float, innate
caster, HP casting, extra vitality 1
a: no special abilities


You were on level 1 of the Dungeon.
You visited 1 branch of the dungeon, and saw 1 of its levels.

Inventory:

Hand Weapons
 a - a +0 dagger (weapon)
Armour
 b - a +0 robe (worn)
 c - a +0 hat (worn)
Scrolls
 d - a scroll of torment {unknown}
 e - a scroll of brand weapon {unknown}
 f - a scroll of teleportation {unknown}


   Skills:
 + Level 2.3 Dodging
 + Level 1.7 Stealth
 * Level 2.5 Spellcasting


You couldn't memorise any spells.
You knew the following spells:

 Your Spells              Type           Power      Damage    Failure   Level
a - Magic Dart            Conj           36%        1d4       8%          1
b - Slow                  Hex            36%        N/A       8%          1
c - Blink                 Tloc           18%        N/A       11%         2
d - Call Imp              Summ           9%         N/A       11%         2
e - Cigotuvi's Dreadful   Necr/Pois/Air  18%        N/A       11%         2
f - Mephitic Cloud        Conj/Pois/Air  9%         N/A       22%         3
Your spell library was empty.

Dungeon Overview and Level Annotations

Branches:
Dungeon (1/15)

Altars:


Innate Abilities, Weirdness & Mutations

You are immune to sickness and miasma.
You are immune to poison.
Your flesh is very heat resistant. (rF++)
You are vulnerable to cold. (rC-)
You float through the air rather than walking.
You learn spells naturally, not from books.
Your magical power is your life essence.
You have superior vitality. (+4 MHP)


Message History

You kill the goblin!
Unknown command.
Casting: Magic Dart (safe; 8% risk of failure)
Confirm with . or Enter, or press ? or * to list all spells.
Aiming: Magic Dart (safe; 8% risk of failure)
Press: ? - help, Shift-Dir - straight line, f - dart slug
Aim: a dart slug (100% to hit)
The magic dart hits the dart slug.
The dart slug is lightly wounded.
Casting: Magic Dart (safe; 8% risk of failure)
Confirm with . or Enter, or press ? or * to list all spells.
Aiming: Magic Dart (safe; 8% risk of failure)
Press: ? - help, Shift-Dir - straight line, f/p - dart slug
Aim: a dart slug (lightly wounded, 100% to hit)
The magic dart hits the dart slug but does no damage.
The dart slug is lightly wounded.
The dart slug launches a dart at you. The slug dart hits you.
A hobgoblin comes into view.
A hobgoblin comes into view.
The dart slug launches a dart at you. The slug dart hits you.
* * * LOW HITPOINT WARNING * * *
The hobgoblin shouts!
You hear an angry hiss.
A rat comes into view.
The endoplasm freezes you.
You are frozen.
You feel a terrible chill!
* * * LOW HITPOINT WARNING * * *
Casting: Magic Dart (safe; 8% risk of failure)
Confirm with . or Enter, or press ? or * to list all spells.
Okay, then.
The endoplasm attacks as you move away! The endoplasm closely misses you.
The dart slug launches a dart at you. The slug dart misses you.
The dart slug launches a dart at you. The slug dart misses you.
You reach down and open the door.
The endoplasm freezes you.
You are frozen!
You feel a terrible chill!
You die...

## #.
#.......## #
.r.#. #.......#
#
##:#.##.......#
#
....).........#
# ..wg........#
# ##......####
# # #.g....# #
....##.J....#
##
.......@....#
#.
....###'#####
#. ... #.# ##.
# #.# #.. ..#
#.. ..# #.. ...
#.. .... . #..
... #..


You could see a dart slug, an endoplasm and 2 hobgoblins.

Vanquished Creatures
  An endoplasm (D:1)
  2 goblins (D:1)
  A ball python (D:1)
  A rat (D:1)
5 creatures vanquished.

Notes
Turn   | Place    | Note
-------+----------+-------------------------------------------
     0 | D:1      | Devinter the Djinni Hedge Wizard began the quest for the
                  | Orb.
     0 | D:1      | Devinter set off with the following spells memorised: Magic
                  | Dart, Slow, Blink, Call Imp, Cigotuvi's Dreadful Rot,
                  | Mephitic Cloud.
     0 | D:1      | Reached XP level 1. HP: 15/15 MP: 0/0
   184 | D:1      | Frozen to death by an endoplasm

Illustrated notes

Levels and vault maps discovered:
D:1:      onia_arrival_handbag, layout_basic, serial_shops, shop

Action                   || total
-------------------------++-------
Melee: Dagger            ||     3
 Cast: Magic Dart        ||    13
Dodge: Dodged            ||     4

Table legend: (Time is in decaauts)
 A = Elapsed time spent in this place.
 B = Non-inter-level travel time spent in this place.
 C = Inter-level travel time spent in this place.
 D = Time resting spent in this place.
 E = Time spent auto-exploring this place.
 F = Levels seen in this place.
 G = Mean time per level.
                   A        B        C        D        E       F      G
               +--------+--------+--------+--------+--------+-----+--------+
         Total |    184 |    184 |      0 |     20 |     57 |   1 |  184.0 |
       Dungeon |    184 |    184 |      0 |     20 |     57 |   1 |  184.0 |
               +--------+--------+--------+--------+--------+-----+--------+

Top non-repeatable levels by time:
     D:1: 184 daAuts
